 Dungeon Crawl Stone Soup version 0.16-a0-2944-g6f1bef2 (webtiles) character file.

233 Chiseanne the Skirmisher (level 5, -3/45 HPs)
             Began as a Centaur Wanderer on Dec 4, 2014.
             Slain by Chiseanne's ghost (7 damage)
             ... on level 4 of the Dungeon.
             The game lasted 00:13:15 (3906 turns).

Chiseanne the Skirmisher (Centaur Wanderer)         Turns: 3906, Time: 00:13:15

Health: -3/45      AC: 12    Str: 12    XL:     5   Next: 74%
Magic:  8/8        EV:  5    Int: 14    God:
Gold:   215        SH: 10    Dex:  9    Spells: 1 memorised, 7 levels left

rFire  . . .     SeeInvis .     a - +1 short sword (protect)
rCold  . . .     Clarity  .     d - +0 robe
rNeg   . . .     SustAb   .     b - +0 large shield (curse)
rPois  .         Gourm    .     y - +0 helmet
rElec  .         Spirit   .     k - +0 cloak
rCorr  .         Warding  .     g - +0 pair of gloves
rMut   .         Stasis   .     (no barding)
MR     +....                    w - amulet of rage
Stlth  +.........               (no ring)
                                t - ring of protection from magic

@: very slightly contaminated, invisible, very quick, somewhat resistant to
hostile enchantments, very unstealthy
A: hooves 3, deformed body, speed 2, tough skin 3
a: Evoke Berserk Rage


You were on level 4 of the Dungeon.
You were not hungry.

You visited 1 branch of the dungeon, and saw 5 of its levels.

You collected 215 gold pieces.

Inventory:

Hand weapons
 a - a +1 short sword of protection (weapon)
Missiles
 r - a throwing net (quivered)
 v - 5 bolts of penetration
Armour
 b - a cursed +0 large shield (worn)
 d - a +0 robe (worn)
 g - a +0 pair of gloves (worn)
 k - a +0 cloak (worn)
 m - a +0 shield
 y - a +0 helmet (worn)
Jewellery
 t - a ring of protection from magic (left hand)
 w - an amulet of rage (around neck)
 z - an uncursed amulet of stasis
Scrolls
 e - 2 scrolls of identify
 j - 2 scrolls of remove curse
Potions
 i - a potion of brilliance
 x - a potion of magic
Books
 c - the Almanac of Shape Shifting

   Spells                             Type                      Level
   a - Beastly Appendage              Transmutation                1
   b - Spider Form                    Transmutation/Poison         3
Comestibles
 f - 2 bread rations
 h - 2 beef jerkies
 p - a royal jelly
 q - a slice of pizza
 u - a meat ration


   Skills:
 * Level 3.5 Fighting
   Level 1.0 Polearms
 * Level 2.1 Dodging
 - Level 1.0 Stealth
 * Level 1.2 Shields
 * Level 2.2 Spellcasting
 * Level 2.5 Transmutations
   Level 1.0 Poison Magic
 - Level 1.0 Evocations


You had 7 spell levels left.
You knew the following spells:

 Your Spells              Type           Power        Failure   Level  Hunger
a - Beastly Appendage     Trmt           #.....       99%         1    #......


Dungeon Overview and Level Annotations

Branches:
Dungeon (5/15)
 Temple: D:4-7

Altars:

Annotations:
D:3 Grinder
D:4 Chiseanne's ghost, average TrWn; Sigmund


Innate Abilities, Weirdness & Mutations

You have hooves in place of feet.
Armour fits poorly on your strangely shaped body.
You cover ground very quickly.
You have extremely tough skin (AC +3).


Message History

You aren't carrying any rechargeable items.
You block Chiseanne's ghost's attack.
Read which item? (? for menu, Esc to quit)
As you read the scroll labeled QECSIB OTHRE, it crumbles to dust.
You hear a loud clanging noise!
It was a scroll of noise.
Chiseanne's ghost completely misses you.
You hit Chiseanne's ghost but do no damage.
Chiseanne's ghost is moderately damaged.
Chiseanne's ghost hits you!
* * * LOW HITPOINT WARNING * * *
You miss Chiseanne's ghost.
You kick Chiseanne's ghost, but do no damage.
Chiseanne's ghost is moderately damaged.
Chiseanne's ghost barely misses you. Chiseanne's ghost closely misses you.
You hit Chiseanne's ghost but do no damage.
Your kick misses Chiseanne's ghost.
Chiseanne's ghost is moderately damaged.
Chiseanne's ghost hits you!
You die...

### #.W #.#
#.# #.# #.#
#.####
######....#
#@Wh......#
######....#
#.#.##
#....#
#.h#..?
##..>#..
##.###. .#


You could see a hound and Chiseanne's ghost.

Vanquished Creatures
  A hound (D:4)
  A worker ant (D:4)
  4 gnolls (D:2)
  5 adders
  4 worms (D:2)
  A giant gecko (D:2)
  An ooze (D:4)
  4 orcs
  8 bats
  3 giant cockroaches
  5 goblins
  8 hobgoblins
  3 jackals (D:3)
  9 kobolds
  A ball python (D:1)
  3 giant newts
  A rat (D:2)
62 creatures vanquished.

Notes
Turn   | Place    | Note
--------------------------------------------------------------
     0 | D:1      | Chiseanne, the Centaur Wanderer, began the quest for the Orb.
     0 | D:1      | Chiseanne set off with: a +2 spear, a scroll of teleportation, the Almanac of Shape Shifting, a +0 robe, a bread ration
     0 | D:1      | Reached XP level 1. HP: 17/17 MP: 2/2
     0 | D:1      | Identified the Almanac of Shape Shifting
     2 | D:1      | Learned a level 1 spell: Beastly Appendage
   623 | D:1      | Reached XP level 2. HP: 22/24 MP: 3/3
  1089 | D:2      | Reached XP level 3. HP: 6/30 MP: 5/5
  1830 | D:2      | Reached skill level 1 in Dodging
  2075 | D:2      | Reached XP level 4. HP: 35/37 MP: 6/6
  2438 | D:2      | Reached skill level 3 in Fighting
  2779 | D:2      | Reached XP level 5. HP: 39/45 MP: 8/8
  3092 | D:3      | Reached skill level 1 in Shields
  3112 | D:3      | Noticed Grinder
  3672 | D:4      | Noticed Sigmund
  3678 | D:5      | Entered Level 5 of the Dungeon
  3846 | D:4      | Noticed Chiseanne's ghost (average TrWn)
  3875 | D:4      | HP: 1/45 [Chiseanne's ghost (9)]
  3906 | D:4      | Slain by Chiseanne's ghost

Action                   |  1- 3 |  4- 6 || total
-------------------------+-------+-------++-------
Melee: Spear             |   117 |    86 ||   203
       Short sword       |       |    97 ||    97
Throw: Throwing net      |       |     1 ||     1
  Use: Potion            |       |     6 ||     6
       Scroll            |       |    11 ||    11
  Eat: Chunk             |     3 |     5 ||     8
